 Dungeon Sprint DCSS version 0.29.1-4-g47bece8355 (webtiles) character file.

Game seed: 4691103229177525586

114 boopmooplesden the Cleaver (level 4, -1/48 HPs)
             Began as a Minotaur Berserker on Dec 6, 2022.
             Was a Follower of Trog.
             Slain by a scorpion (2 damage)
             ... in the Dungeon (Sprint II: "The Violet Keep of Menkaure").
             The game lasted 00:00:10 (16 turns).

boopmooplesden the Cleaver (Minotaur Berserker)       Turns: 16, Time: 00:00:11

Health: -1/48      AC:  2    Str: 24    XL:     4   Next: 66%
Magic:  3/3        EV: 12    Int:  4    God:    Trog [*.....]
Gold:   0          SH:  0    Dex:  9    Spells: 3/3 levels left

rFire   . . .      SeeInvis .   a - +0 hand axe
rCold   . . .      Faith    .   (no shield)
rNeg    . . .      Spirit   .   b - +0 animal skin
rPois   .          Reflect  .   (helmet restricted)
rElec   .          Harm     .   (no cloak)
rCorr   .          Rampage  .   (no gloves)
Will    .....      NoTele   +   (no boots)
Stlth   +.........              (no amulet)
HPRegen 0.16/turn               (no ring)
MPRegen 0.08/turn               (no ring)

@: lethally poisoned (-1 -> -16), on berserk cooldown, slowed, very slow
A: horns 2, retaliatory headbutt
a: Renounce Religion, Berserk


You were in the Dungeon.
You worshipped Trog.
Trog was aware of your devotion.
You visited 1 branch

Inventory:

Hand Weapons
 a - a +0 hand axe (weapon)
Armour
 b - a +0 animal skin (worn)
Scrolls
 h - a scroll of blinking
Potions
 c - a potion of curing
 d - a potion of heal wounds
 e - a potion of haste
 f - 2 potions of magic
 g - a potion of berserk rage


   Skills:
 + Level 7.7 Fighting
 + Level 8.1 Axes
 + Level 4.2 Armour
 + Level 3.8 Dodging


You had 3 spell levels left.
You didn't know any spells.
Your spell library was empty.

Dungeon Overview and Level Annotations

Branches:
Dungeon (1/1)

Altars:


Innate Abilities, Weirdness & Mutations

You have a pair of horns on your head.
You reflexively headbutt those who attack you in melee.


Message History

Your Fighting skill increases to level 7!
Your Axes skill gained 2 levels and is now at level 8!
Your Armour skill increases to level 4!
You have reached level 4!
You feel stronger.
There is an open door here.
You see here a scorpion corpse. 2 scorpions come into view.
You feel a strong urge to attack something.
You see here 243 gold pieces.
You are no longer berserk.
You are exhausted.
You feel yourself slow down. The scorpion barely misses you.
You hit the scorpion.
The scorpion is lightly wounded.
The scorpion closely misses you. You furiously retaliate!
You headbutt the scorpion, but do no damage.
The scorpion stings you. x2
* * * LOW HITPOINT WARNING * * *
You closely miss the scorpion. Your headbutt misses the scorpion.
You hit the scorpion but do no damage. The scorpion stings you.
* * * LOW HITPOINT WARNING * * *
The scorpion closely misses you.
You hit the scorpion but do no damage. You slash the scorpion!
The scorpion stings you but does no damage. x2
The scorpion barely misses you. The scorpion stings you.
* * * LOW HITPOINT WARNING * * *
You hit the scorpion.
The scorpion is lightly wounded.
You hit the scorpion. The scorpion completely misses you.
You furiously retaliate!
You headbutt the scorpion. The scorpion barely misses you.
The scorpion stings you.
* * * LOW HITPOINT WARNING * * *
You hit the scorpion but do no damage.
The scorpion is lightly wounded.
You barely miss the scorpion. The scorpion stings you.
* * * LOW HITPOINT WARNING * * *
You are lethally poisoned!
The scorpion poisons you! The scorpion stings you.
You die...

### #+#
#s##
##.###@.#
+.<.†s##+
##.###..#
#+# s##
##


You could see 2 scorpions.

Vanquished Creatures
  2 scorpions (D)
2 creatures vanquished.

Notes
Turn   | Place    | Note
-------+----------+-------------------------------------------
     0 | D        | boopmooplesden the Minotaur Berserker began the quest for
                  | the Orb.
     0 | D        | Reached XP level 1. HP: 19/19 MP: 0/0
     1 | D        | Noticed a scorpion
     1 | D        | Noticed a scorpion
     6 | D        | Killed a scorpion
     7 | D        | Reached skill level 6 in Axes
     7 | D        | Reached XP level 2. HP: 23/31 MP: 1/1
     7 | D        | Reached XP level 3. HP: 29/38 MP: 2/2
     8 | D        | Killed a scorpion
     9 | D        | Reached skill level 8 in Axes
     9 | D        | Reached XP level 4. HP: 37/48 MP: 3/3
    10 | D        | Noticed a scorpion
    10 | D        | Noticed a scorpion
    16 | D        | HP: 1/48 [scorpion (2)]
    16 | D        | Slain by a scorpion

Illustrated notes

Levels and vault maps discovered:
D:        the_violet_keep_of_menkaure [sprint2_stairs_cluster_1,
          sprint2_shoproom, sprint2_temple, sprint2_basic_supplies,
          sprint2_obstacle_5, sprint2_obstacle_6, sprint2_obstacle_2,
          sprint2_obstacle_4, sprint2_obstacle_7, sprint2_timed_cluster_1,
          sprint2_smallroom_cluster_1, sprint2_smallroom_final_cluster_1,
          sprint2_transparent_cluster_1, sprint2_second_timed_cluster_1,
          sprint2_sniper_area_1, sprint2_heavy_combat_area_1,
          sprint2_mutation_trap_area_1, sprint2_forest_area_1,
          sprint2_light_combat_area_1, sprint2_behind_water_1,
          sprint2_near_end_vault_1]

Skill      XL: |  1  2  3 |
---------------+----------+-----
Fighting       | 6 7 |  7.7
Axes           | 6 8 |  8.1
Armour         | 3 4 |  4.2
Dodging        | 3 |  3.8

Action                   |  1- 3 |  4- 6 || total
-------------------------+-------+-------++-------
Melee: Hand axe          |     6 |     5 ||    11
       Headbutt          |     1 |       ||     1
Invok: Berserk           |     1 |       ||     1
Armor: Animal skin       |     1 |     2 ||     3
Dodge: Dodged            |     1 |     6 ||     7
